TOP OF THE 1ST |
Tacoma Cubs batting - Pitching for Spokane Indians : RHP Rich Aspenleiter
|
Pitching: RHP Rich Aspenleiter
|
|
Batting: RHB Tim Glass
|
0-0: DOUBLE (Line Drive, 9LS, EV 100.6 MPH)
|
Batting: RHB Glenn Hubbard
|
0-0: Fly out, F9 (Flyball, 9D, EV 104.4 MPH) Runner from 2nd tags up, SAFE at 3rd, no throw by RF
|
Batting: LHB Broderick Perkins
|
0-0: Ball 1-0: Ball 2-0: Ball 3-0: Called Strike 3-1: Ground out 4-3 (Groundball, 4D, EV 85.6 MPH) Tim Glass scores
|
Batting: LHB Dan Pasqua
|
0-0: Called Strike 0-1: Ball 1-1: DOUBLE (Flyball, 8LXD, EV 100.0 MPH)
|
Batting: RHB Billy Cree
|
0-0: Ball 1-0: DOUBLE (Line Drive, 5D, EV 94.4 MPH) Dan Pasqua scores
|
Batting: RHB Lonnie Smith
|
0-0: Foul Ball, location: 2F 0-1: Ball 1-1: Called Strike 1-2: Fly out, F3 (Popup, 3F, EV 66.3 MPH)
|
Top of the 1st over - 2 runs, 3 hits, 0 errors, 1 left on base; Tacoma 2 - Spokane 0 |
BOTTOM OF THE 1ST |
Spokane Indians batting - Pitching for Tacoma Cubs : LHP Gil Maldonado
|
Pitching: LHP Gil Maldonado
|
|
Batting: RHB Craig Landis
|
0-0: Ball 1-0: Swinging Strike 1-1: Called Strike 1-2: Strikes out looking
|
Batting: LHB Stu Pederson
|
0-0: Ball 1-0: Foul Ball, location: 2F 1-1: Swinging Strike 1-2: SINGLE (Line Drive, 7S, EV 94.4 MPH)
|
Batting: SHB Mark Gillaspie
|
0-0: Swinging Strike 0-1: Ball 1-1: Called Strike 1-2: Strikes out looking
|
Batting: RHB Matthew Tyner
|
0-0: Foul Ball, location: 2F 0-1: Ball 1-1: Fielders Choice at 2nd, 6-4 (Groundball, 6, EV 88.1 MPH)
|
Bottom of the 1st over - 0 runs, 1 hit, 0 errors, 1 left on base; Tacoma 2 - Spokane 0 |
TOP OF THE 2ND |
Tacoma Cubs batting - Pitching for Spokane Indians : RHP Rich Aspenleiter
|
Batting: RHB Jim Rice
|
0-0: Fly out, F9 (Flyball, 89M, EV 96.9 MPH)
|
Batting: RHB Amos Lewis
|
0-0: Called Strike 0-1: Ball 1-1: Ball 2-1: SINGLE (Groundball, 56S, EV 65.6 MPH) (infield hit)
|
Batting: LHB John Elway
|
0-0: Foul Ball, location: 2F 0-1: Ball 1-1: Ball 2-1: SINGLE (Groundball, 4MD, EV 101.9 MPH) Amos Lewis to second Runner from 2nd tries for 3rd, SAFE, no throw by CF
|
Batting: RHB Tim Glass
|
0-0: Ball 1-0: Ground out 3-1 (Groundball, 13, EV 86.3 MPH) Amos Lewis scores John Elway to second
|
Batting: RHB Glenn Hubbard
|
0-0: Ball 1-0: Ball 2-0: Foul Ball, location: 2F 2-1: Ball 3-1: Swinging Strike 3-2: Fly out, F3 (Popup, 3SF, EV 83.1 MPH)
|
Top of the 2nd over - 1 run, 2 hits, 0 errors, 1 left on base; Tacoma 3 - Spokane 0 |
BOTTOM OF THE 2ND |
Spokane Indians batting - Pitching for Tacoma Cubs : LHP Gil Maldonado
|
Batting: RHB Jeffrey Ronk
|
0-0: Ball 1-0: Foul Ball, location: 2F 1-1: Foul Ball, location: 2F 1-2: Ball 2-2: SINGLE (Line Drive, 8RS, EV 85.0 MPH)
|
Batting: RHB Reggie Whittemore
|
0-0: Called Strike 0-1: Ball 1-1: Foul Ball, location: 2F 1-2: Strikes out swinging
|
Batting: RHB John Hanley
|
0-0: DOUBLE (Groundball, 5L, EV 102.5 MPH) Jeffrey Ronk to third Runner from 3rd tries for Home, SAFE, throw by LF to home
|
Batting: RHB George Foussianes
|
0-0: Ball 1-0: Called Strike 1-1: Fly out, F9 (Flyball, 9LM, EV 100.0 MPH) Runner from 2nd tags up, SAFE at 3rd, no throw by RF
|
Batting: RHB Kevin Harvey
|
0-0: Ball 1-0: Ball 2-0: Foul Ball, location: 2F 2-1: Ball 3-1: Foul Ball, location: 2F 3-2: Strikes out swinging
|
Bottom of the 2nd over - 1 run, 2 hits, 0 errors, 1 left on base; Tacoma 3 - Spokane 1 |
TOP OF THE 3RD |
Tacoma Cubs batting - Pitching for Spokane Indians : RHP Rich Aspenleiter
|
Batting: LHB Broderick Perkins
|
0-0: Ball 1-0: Ball 2-0: Foul Ball, location: 2F 2-1: Called Strike 2-2: Fly out, F9 (Flyball, 9S, EV 91.3 MPH)
|
Batting: LHB Dan Pasqua
|
0-0: Swinging Strike 0-1: Swinging Strike 0-2: Ball 1-2: Ball 2-2: Fly out, F7 (Flyball, 78S, EV 94.4 MPH)
|
Batting: RHB Billy Cree
|
0-0: Ball 1-0: Ball 2-0: Fly out, F3 (Line Drive, 3, EV 73.1 MPH)
|
Top of the 3rd over - 0 runs, 0 hits, 0 errors, 0 left on base; Tacoma 3 - Spokane 1 |
BOTTOM OF THE 3RD |
Spokane Indians batting - Pitching for Tacoma Cubs : LHP Gil Maldonado
|
Batting: RHB Craig Landis
|
0-0: SOLO HOME RUN (Flyball, 78XD, EV 97.5 MPH), Distance : 433 ft
|
Batting: LHB Stu Pederson
|
0-0: Ball 1-0: Ball 2-0: Called Strike 2-1: Ball 3-1: Foul Ball, location: 2F 3-2: Ground out 4-3 (Groundball, 4M, EV 78.8 MPH)
|
Batting: SHB Mark Gillaspie
|
0-0: Ball 1-0: Ball 2-0: Swinging Strike 2-1: SINGLE (Line Drive, 6D, EV 110.6 MPH)
|
Batting: RHB Matthew Tyner
|
0-0: Ball 1-0: SINGLE (Line Drive, 4MD, EV 106.9 MPH) Mark Gillaspie to second
|
Batting: RHB Jeffrey Ronk
|
0-0: Ball 1-0: Called Strike 1-1: Fielders Choice at 2nd, 6-4 (Groundball, 6D, EV 106.3 MPH) Mark Gillaspie to third
|
Batting: RHB Reggie Whittemore
|
0-0: Ball 1-0: Called Strike 1-1: Ground out 3-1 (Groundball, 13, EV 82.5 MPH)
|
Bottom of the 3rd over - 1 run, 3 hits, 0 errors, 2 left on base; Tacoma 3 - Spokane 2 |
TOP OF THE 4TH |
Tacoma Cubs batting - Pitching for Spokane Indians : RHP Rich Aspenleiter
|
Batting: RHB Lonnie Smith
|
0-0: Ball 1-0: Ball 2-0: Called Strike 2-1: Called Strike 2-2: Ball 3-2: Foul Ball, location: 2F 3-2: Strikes out swinging
|
Batting: RHB Jim Rice
|
0-0: Called Strike 0-1: Foul Ball, location: 2F 0-2: Foul Ball, location: 2F 0-2: SINGLE (Line Drive, 89S, EV 88.1 MPH)
|
Batting: RHB Amos Lewis
|
0-0: Hit by Pitch Jim Rice to second
|
Batting: LHB John Elway
|
0-0: Called Strike Jim Rice steals 3rd base Amos Lewis to second 0-1: Ball 1-1: Foul Ball, location: 2F 1-2: Ball 2-2: Ball 3-2: Base on Balls
|
Batting: RHB Tim Glass
|
0-0: Called Strike 0-1: Called Strike 0-2: Foul Ball, location: 2F 0-2: Foul Ball, location: 2F 0-2: Foul Ball, location: 2F 0-2: Strikes out swinging
|
Batting: RHB Glenn Hubbard
|
0-0: Called Strike 0-1: SINGLE (Groundball, 6MD, EV 98.8 MPH) Jim Rice scores Amos Lewis to third John Elway to second Runner from 3rd tries for Home, SAFE, throw by CF to home
|
Batting: LHB Broderick Perkins
|
0-0: Ball 1-0: Fly out, F9 (Flyball, 89M, EV 84.4 MPH)
|
Top of the 4th over - 2 runs, 2 hits, 0 errors, 2 left on base; Tacoma 5 - Spokane 2 |
BOTTOM OF THE 4TH |
Spokane Indians batting - Pitching for Tacoma Cubs : LHP Gil Maldonado
|
Batting: RHB John Hanley
|
0-0: Ball 1-0: Called Strike 1-1: Ball 2-1: Fly out, F7 (Flyball, 7D, EV 96.9 MPH)
|
Batting: RHB George Foussianes
|
0-0: Called Strike 0-1: Ball 1-1: Ball 2-1: Ball 3-1: Base on Balls
|
Batting: RHB Kevin Harvey
|
0-0: Ball George Foussianes is caught stealing 2nd base 2-4 1-0: Ball 2-0: Ball 3-0: Called Strike 3-1: Base on Balls
|
Batting: RHB Craig Landis
|
0-0: Called Strike 0-1: Ball 1-1: Ball 2-1: Swinging Strike 2-2: Ball 3-2: Ground out 5-3 (Groundball, 5, EV 88.1 MPH)
|
Bottom of the 4th over - 0 runs, 0 hits, 0 errors, 1 left on base; Tacoma 5 - Spokane 2 |
TOP OF THE 5TH |
Tacoma Cubs batting - Pitching for Spokane Indians : RHP Rich Aspenleiter
|
Batting: LHB Dan Pasqua
|
0-0: Foul Ball, location: 2F 0-1: Swinging Strike 0-2: Ball 1-2: Ball 2-2: SINGLE (Groundball, P, EV 82.5 MPH) (infield hit)
|
Batting: RHB Billy Cree
|
0-0: Foul Ball, location: 2F 0-1: Ball 1-1: Ball 2-1: Called Strike 2-2: Grounds into double play, 6-4-3 (Groundball, 6M, EV 81.9 MPH)
|
Batting: RHB Lonnie Smith
|
0-0: Fly out, F7 (Flyball, 78M, EV 85.6 MPH)
|
Top of the 5th over - 0 runs, 1 hit, 0 errors, 0 left on base; Tacoma 5 - Spokane 2 |
BOTTOM OF THE 5TH |
Spokane Indians batting - Pitching for Tacoma Cubs : LHP Gil Maldonado
|
Batting: LHB Stu Pederson
|
0-0: SINGLE (Flyball, 6D, EV 89.4 MPH)
|
Batting: SHB Mark Gillaspie
|
0-0: Foul Ball, location: 2F 0-1: Called Strike 0-2: Ball 1-2: Ball 2-2: Strikes out swinging
|
Batting: RHB Matthew Tyner
|
0-0: Ball 1-0: SINGLE (Groundball, 34D, EV 93.8 MPH) Stu Pederson to second Runner from 2nd tries for 3rd, SAFE, throw by RF made to third
|
Batting: RHB Jeffrey Ronk
|
0-0: Foul Ball, location: 2F 0-1: Ball 1-1: Ball 2-1: Called Strike 2-2: Foul Ball, location: 2F 2-2: Ground out 5-3 (Groundball, 56S, EV 90.0 MPH) Matthew Tyner to second
|
Batting: RHB Reggie Whittemore
|
0-0: Ball 1-0: Ground out 4-3 (Groundball, 4, EV 80.6 MPH)
|
Bottom of the 5th over - 0 runs, 2 hits, 0 errors, 2 left on base; Tacoma 5 - Spokane 2 |
TOP OF THE 6TH |
Tacoma Cubs batting - Pitching for Spokane Indians : RHP Rich Aspenleiter
|
Batting: RHB Jim Rice
|
0-0: Ground out 6-3 (Groundball, 6, EV 103.1 MPH)
|
Batting: RHB Amos Lewis
|
0-0: Called Strike 0-1: Foul Ball, location: 2F 0-2: Ball 1-2: Foul Ball, location: 2F 1-2: Foul Ball, location: 2F 1-2: Ball 2-2: Ball 3-2: Foul Ball, location: 2F 3-2: Fly out, F7 (Flyball, 7LD, EV 87.5 MPH)
|
Batting: LHB John Elway
|
0-0: Fly out, F4 (Popup, 34, EV 57.5 MPH)
|
Top of the 6th over - 0 runs, 0 hits, 0 errors, 0 left on base; Tacoma 5 - Spokane 2 |
BOTTOM OF THE 6TH |
Spokane Indians batting - Pitching for Tacoma Cubs : LHP Gil Maldonado
|
Batting: RHB John Hanley
|
0-0: Ball 1-0: Ball 2-0: Foul Ball, location: 2F 2-1: Foul Ball, location: 2F 2-2: Strikes out swinging
|
Batting: RHB George Foussianes
|
0-0: Ball 1-0: Swinging Strike 1-1: Ball 2-1: Called Strike 2-2: Foul Ball, location: 2F 2-2: Ball 3-2: Foul Ball, location: 2F 3-2: Base on Balls
|
Pitching: RHP Ben Gilliland
|
|
Batting: RHB Kevin Harvey
|
0-0: Ball 1-0: Ball 2-0: Ball 3-0: Called Strike 3-1: Base on Balls George Foussianes to second
|
Batting: RHB Craig Landis
|
0-0: Hit by Pitch George Foussianes to third Kevin Harvey to second
|
Batting: LHB Stu Pederson
|
0-0: Swinging Strike 0-1: Ball 1-1: Foul Ball, location: 2F 1-2: Ball 2-2: Ball 3-2: Foul Ball, location: 2F 3-2: Foul Ball, location: 2F 3-2: Foul Ball, location: 2F 3-2: Strikes out swinging
|
Batting: SHB Mark Gillaspie
|
0-0: Called Strike 0-1: Ball 1-1: Ball 2-1: Ball 3-1: Base on Balls George Foussianes scores Kevin Harvey to third Craig Landis to second
|
Batting: RHB Matthew Tyner
|
0-0: Called Strike 0-1: Foul Ball, location: 2F 0-2: Strikes out swinging
|
Bottom of the 6th over - 1 run, 0 hits, 0 errors, 3 left on base; Tacoma 5 - Spokane 3 |
TOP OF THE 7TH |
Tacoma Cubs batting - Pitching for Spokane Indians : RHP Rich Aspenleiter
|
Pitching: RHP Bob Walk
|
|
Batting: RHB Tim Glass
|
0-0: Called Strike 0-1: Ball 1-1: Called Strike 1-2: Foul Ball, location: 2F 1-2: Foul Ball, location: 2F 1-2: Strikes out looking
|
Batting: RHB Glenn Hubbard
|
0-0: Foul Ball, location: 2F 0-1: Ball 1-1: Called Strike 1-2: Ground out 4-3 (Groundball, 4, EV 81.9 MPH)
|
Batting: LHB Broderick Perkins
|
0-0: Called Strike 0-1: Ball 1-1: Foul Ball, location: 2F 1-2: Fly out, F8 (Flyball, 8RS, EV 70.6 MPH)
|
Top of the 7th over - 0 runs, 0 hits, 0 errors, 0 left on base; Tacoma 5 - Spokane 3 |
BOTTOM OF THE 7TH |
Spokane Indians batting - Pitching for Tacoma Cubs : RHP Ben Gilliland
|
Batting: RHB Jeffrey Ronk
|
0-0: Called Strike 0-1: Ball 1-1: Ball 2-1: Called Strike 2-2: Ball 3-2: Strikes out swinging
|
Batting: RHB Reggie Whittemore
|
0-0: Called Strike 0-1: Ball 1-1: Swinging Strike 1-2: Strikes out looking
|
Batting: RHB John Hanley
|
0-0: Ball 1-0: Foul Ball, location: 2F 1-1: Foul Ball, location: 2F 1-2: Ground out 1-3 (Groundball, 13S, EV 68.1 MPH)
|
Bottom of the 7th over - 0 runs, 0 hits, 0 errors, 0 left on base; Tacoma 5 - Spokane 3 |
TOP OF THE 8TH |
Tacoma Cubs batting - Pitching for Spokane Indians : RHP Bob Walk
|
Batting: LHB Dan Pasqua
|
0-0: Foul Ball, location: 2F 0-1: Foul Ball, location: 2F 0-2: SINGLE (Flyball, 8RS, EV 91.9 MPH)
|
Batting: RHB Billy Cree
|
0-0: Ball 1-0: Grounds into double play, 5-4-3 (Groundball, 56S, EV 84.4 MPH)
|
Batting: RHB Lonnie Smith
|
0-0: Called Strike 0-1: Foul Ball, location: 2F 0-2: Strikes out swinging
|
Top of the 8th over - 0 runs, 1 hit, 0 errors, 0 left on base; Tacoma 5 - Spokane 3 |
BOTTOM OF THE 8TH |
Spokane Indians batting - Pitching for Tacoma Cubs : RHP Ben Gilliland
|
Batting: RHB George Foussianes
|
0-0: Ball 1-0: Ball 2-0: Ball 3-0: Base on Balls
|
Batting: RHB Kevin Harvey
|
0-0: Fly out, F7 (Flyball, 7S, EV 88.8 MPH)
|
Batting: RHB Craig Landis
|
0-0: Called Strike 0-1: Ball 1-1: Foul Ball, location: 2F 1-2: Ball 2-2: Foul Ball, location: 2F 2-2: Ball 3-2: Base on Balls George Foussianes to second
|
Pitching: LHP Roy Sheldon
|
|
Batting: LHB Stu Pederson
|
0-0: Ball 1-0: Foul Ball, location: 2F 1-1: Foul Ball, location: 2F 1-2: Ball 2-2: Strikes out swinging
|
Batting: SHB Mark Gillaspie
|
0-0: Swinging Strike 0-1: Called Strike 0-2: Ball 1-2: Foul Ball, location: 2F 1-2: Ball 2-2: Strikes out looking
|
Bottom of the 8th over - 0 runs, 0 hits, 0 errors, 2 left on base; Tacoma 5 - Spokane 3 |
TOP OF THE 9TH |
Tacoma Cubs batting - Pitching for Spokane Indians : RHP Bob Walk
|
Batting: RHB Jim Rice
|
0-0: Ball 1-0: Ball 2-0: Called Strike 2-1: Fly out, F8 (Flyball, 78S, EV 95.0 MPH)
|
Batting: RHB Amos Lewis
|
0-0: Ball 1-0: Ball 2-0: Called Strike 2-1: Ball 3-1: Foul Ball, location: 2F 3-2: Ground out U3 (Groundball, 3, EV 85.6 MPH)
|
Batting: LHB John Elway
|
0-0: Fly out, F9 (Flyball, 9LM, EV 86.3 MPH)
|
Top of the 9th over - 0 runs, 0 hits, 0 errors, 0 left on base; Tacoma 5 - Spokane 3 |
BOTTOM OF THE 9TH |
Spokane Indians batting - Pitching for Tacoma Cubs : LHP Roy Sheldon
|
Pitching: RHP Paul Thormodsgard
|
|
Batting: RHB Matthew Tyner
|
0-0: Ball 1-0: Swinging Strike 1-1: Ground out U3 (Groundball, 3, EV 103.8 MPH)
|
Batting: RHB Jeffrey Ronk
|
0-0: Called Strike 0-1: Ball 1-1: Swinging Strike 1-2: Ground out 1-3 (Groundball, 15S, EV 68.8 MPH)
|
Batting: RHB Reggie Whittemore
|
0-0: Called Strike 0-1: Ball 1-1: Ball 2-1: Foul Ball, location: 2F 2-2: DOUBLE (Flyball, 7LD, EV 109.4 MPH)
|
Pinch Hitting: LHB Dave Stockstill
|
0-0: Ball 1-0: Ball 2-0: Ground out U3 (Groundball, 3, EV 98.8 MPH)
|
Bottom of the 9th over - 0 runs, 1 hit, 0 errors, 1 left on base; Tacoma 5 - Spokane 3 |
|